 Dungeon Sprint DCSS version 0.29-a0-789-g7a8fcbc185 (webtiles) character file.

Game seed: 17022744233501177823

31800 mhtbhm the Ninja (level 13, -19/65 HPs)
             Began as a Spriggan Enchanter on July 2, 2022.
             Was an Initiate of Gozag.
             Demolished by a bunyip (27 damage)
             ... in the Dungeon (Sprint IX: "|||||||||||||||||||||||||||||").
             The game lasted 00:13:10 (5080 turns).

mhtbhm the Ninja (Spriggan Enchanter)               Turns: 5080, Time: 00:13:10

Health: -19/65     AC:  5    Str: 10    XL:     13   Next: 27%
Magic:  26/37      EV: 29    Int: 17    God:    Gozag
Gold:   6123       SH:  0    Dex: 20    Spells: 39/50 levels left

rFire   + . .      SeeInvis +   a - +2 rapier (drain)
rCold   . . .      Faith    .   (no shield)
rNeg    + + .      Spirit   .   b - +2 robe {rF+}
rPois   +          Reflect  .   v - +0 hat "Igicyh" {Contam +Blink rN+ rCorr}
rElec   .          Harm     .   t - +0 cloak
rCorr   +          Rampage  .   (gloves unavailable)
Will    ++...      Archmagi +   (boots unavailable)
Stlth   ++++++++++ NoTele   +   y - macabre finger necklace {rN+}
HPRegen 0.20/turn               l - +2 ring of evasion
MPRegen 0.25/turn               x - ring of the Mage {Wiz Archmagi}
                                z - ring "Edeutsuy" {rPois Str+6}

@: very quick
A: very small, no large weapons, unfitting armour, see invisible, speed 3
a: Renounce Religion, Evoke Blink, Potion Petition, Call Merchant, Bribe Branch


You were in the Dungeon.
You worshipped Gozag.
Gozag was greatly pleased with you.
You visited 1 branch You collected 11723 gold pieces.
You spent 3249 gold pieces at shops.
You paid 2351 gold pieces to Gozag.

Inventory:

Hand Weapons
 a - a +2 rapier of draining (weapon)
Missiles
 p - a throwing net (quivered)
Armour
 b - a +2 robe of fire resistance (worn)
 t - a +0 cloak (worn)
 v - the +0 hat "Igicyh" (worn) {Contam +Blink rN+ rCorr}
   (You acquired it in the Dungeon)

   rN:        It protects you from negative energy.
   +Blink:    It lets you blink.
   Contam:    It causes magical contamination when unequipped.
   rCorr:     It protects you from acid and corrosion.
 E - the +1 buckler "Kotzud" {rC++ Str+3 Int-2}
   (You bought it in a shop in the Dungeon)

   Str:       It affects your strength (+3).
   Int:       It affects your intelligence (-2).
   rC:        It greatly protects you from cold.
 F - the +4 ring mail of Responsibility {rF+}
   (You bought it in a shop in the Dungeon)

   rF:        It protects you from fire.
Jewellery
 l - a +2 ring of evasion (left hand)
 m - a ring of willpower
 x - the ring of the Mage (right hand) {Wiz Archmagi}
   (You bought it in a shop in the Dungeon)

   [ring of wizardry]

   It improves your spell success rate.
   Archmagi:  It increases the power of your magical spells.
 y - the macabre finger necklace (around neck) {rN+}
   (You bought it in a shop in the Dungeon)

   [amulet of nothing]

   It enables you to equip an extra ring.
   rN:        It protects you from negative energy.
 z - the ring "Edeutsuy" (on amulet) {rPois Str+6}
   (You bought it in a shop in the Dungeon)

   [ring of poison resistance]

   Str:       It affects your strength (+6).
   rPois:     It protects you from poison.
 A - a ring of positive energy
 B - a ring of flight
 C - a ring of protection from cold
Wands
 k - a wand of acid (1)
Scrolls
 i - 4 scrolls of blinking
 j - 2 scrolls of amnesia
 q - 5 scrolls of fear
 r - 4 scrolls of fog
 s - 4 scrolls of enchant armour
 w - a scroll of enchant weapon
Potions
 c - 2 potions of invisibility
 d - 8 potions of curing
 e - 2 potions of heal wounds
 f - 3 potions of haste
 g - 3 potions of magic
 h - a potion of berserk rage
 n - a potion of might
 u - a potion of mutation {unknown}
 D - 2 potions of resistance
Miscellaneous
 o - a lightning rod (3/4)


   Skills:
 + Level 6.1 Fighting
 + Level 12.4 Short Blades
 + Level 12.1 Dodging
 O Level 27 Stealth
 + Level 19.3 Spellcasting
 + Level 2.6 Conjurations
 + Level 19.2 Hexes
 + Level 11.1 Ice Magic
 + Level 8.2 Evocations


You had 39 spell levels left.
You knew the following spells:

 Your Spells              Type           Power      Damage    Failure   Level
a - Ensorcelled Hibernat  Hex/Ice        100%       N/A       0%          2
b - Confusing Touch       Hex            89%        N/A       0%          3
c - Tukima's Dance        Hex            89%        N/A       0%          3
d - Dazzling Flash        Conj/Hex       100%       N/A       1%          3

Your spell library contained the following spells:

 Spells                   Type           Power      Damage    Failure   Level


Dungeon Overview and Level Annotations

Branches:
Dungeon (1/1)

Altars:
Cheibriados
Dithmenos
Elyvilon
Fedhas
Gozag
Hepliaklqana
Kikubaaqudgha
Makhleb
Nemelex Xobeh
Okawaru
Qazlal
Ru
Sif Muna
Trog
Uskayaw
Vehumet
Wu Jian
Xom
Yredelemnul
Zin
The Shining One
Jiyva
Lugonu

Shops:
D =?**[(*


Innate Abilities, Weirdness & Mutations

You are very small and have problems with some larger weapons.
You are too small for most types of armour.
You have supernaturally acute eyesight. (SInv)
You cover ground extremely quickly. (Speed+++)


Message History

Aiming: Ensorcelled Hibernation (safe; 0% risk of failure)
Press: ? - help, Shift-Dir - straight line, f - bunyip
Aim: a bunyip (catching its breath, chance to affect: 37%)
Okay, then.
Casting: Ensorcelled Hibernation (safe; 0% risk of failure)
Confirm with . or Enter, or press ? or * to list all spells.
Casting: Dazzling Flash (safe; 1% risk of failure)
Press: ? - help, Dir - look around, f - activate Look: a bunyip (catching its breath, chance to dazzle: 47%)
You feel a surge of power! The bunyip completely misses you.
The bunyip barely misses you. The bunyip completely misses you.
Unknown command.
Unknown command.
Casting: Dazzling Flash (safe; 1% risk of failure)
Confirm with . or Enter, or press ? or * to list all spells.
Casting: Dazzling Flash (safe; 1% risk of failure)
Press: ? - help, Dir - look around, f - activate You feel a surge of power!
The tyrant leech is dazzled.
Unknown command.
Unknown command.
Casting: Dazzling Flash (safe; 1% risk of failure)
Confirm with . or Enter, or press ? or * to list all spells.
Casting: Dazzling Flash (safe; 1% risk of failure)
Press: ? - help, Dir - look around, f - activate You feel a surge of power!
A spriggan rider comes into view. It is wielding a +0 spear.
Unknown command.
Unknown command.
Unknown command.
Casting: Dazzling Flash (safe; 1% risk of failure)
Confirm with . or Enter, or press ? or * to list all spells.
Casting: Dazzling Flash (safe; 1% risk of failure)
Press: ? - help, Dir - look around, f - activate You feel a surge of power!
The spriggan rider shouts!
The bunyip claws you!! x2
* * * LOW HITPOINT WARNING * * *
The bunyip claws you!!
You die...
Your body crumbles into a pile of gold.

..'...))∩)∩.∩)∩.....'.....)).))))
▓▓▓▓▓▓▓▓▓▓▓▓▓▓▓▓▓▓▓▓▓▓▓▓▓▓▓▓▓▓▓▓▓
.................................
▓▓▓▓▓▓▓▓▓▓▓▓▓▓▓▓▓▓▓▓▓▓▓▓▓▓▓▓▓▓▓▓▓
..'..............)')(.[......[[[[
▓▓▓▓▓▓▓▓▓▓▓▓▓▓▓▓▓▓▓▓▓▓▓▓▓▓▓▓▓▓▓▓▓
.............)...................
▓▓▓▓▓▓♣♣♣♣♣♣♣♣♣♣▓▓▓▓▓▓▓▓▓▓▓▓▓▓▓▓▓
,,,,,+,,,iDiinwx@......))'.......
*********♣♣♣♣♣♣♣▓▓▓▓▓▓▓▓▓▓▓▓▓▓▓▓▓
,,,,,,,,,,,,,,,,,,,,,,,,,,,,,,,,,
*********************************
,,+,,,,,,,,,,,,,,,,,,,,,+,,,,,,,,
*********************************
,,,,,,,,,,,,,,,,,,,,,,,,,,,,,,,,,
*********************************
,,,+,,,,,,,,,,,,,,,,,,,,,,,,,,,,,


You could see a bunyip, a swamp dragon, a tyrant leech (blind), 3 spriggan
riders and a bog body.

Vanquished Creatures
  Rupert (D)
  A stone giant (D)
  A very ugly thing (D)
  An ettin (D)
  A fire dragon (D)
  A merfolk javelineer (D)
  A boulder beetle (D)
  An ice dragon (D)
  A hydra (D)
  3 centaur warriors (D)
  An ogre mage (D)
  An alligator snapping turtle (D)
  A deep troll shaman (D)
  A shock serpent (D)
  An orc high priest (D)
  A death yak (D)
  A naga sharpshooter (D)
  A pharaoh ant (D)
  2 sea snakes (D)
  2 steelbarb worms (D)
  An orb spider (D)
  A deep elf pyromancer (D)
  A lindwurm (D)
  A harpy (D)
  4 orc knights (D)
  2 wolf spiders (D)
  An ugly thing (D)
  2 manticores (D)
  7 black mambas (D)
  3 cyclopes (D)
  A merfolk siren (D)
  Joseph (D)
  4 cane toads (D)
  A freezing wraith (D)
  A merfolk (D)
  A wind drake (D)
  3 tyrant leeches (D)
  A blink frog (D)
  A tarantella (D)
  A culicivora (D)
  A shadow (D)
  2 yaks (D)
  Eustachio (D)
  A wyvern (D)
  A wraith (D)
  A basilisk (shapeshifter) (D)
  A basilisk (D)
  A redback (D)
  A steam dragon (D)
  3 nagas (D)
  A vampire mosquito (D)
  4 water moccasins (D)
  19 orc warriors (D)
  3 bullfrogs (D)
  A necrophage (D)
  A scorpion (D)
  A killer bee (D)
  3 orc priests (D)
  A bouda (D)
  4 orc wizards (D)
  2 adders (D)
  4 worms (D)
  6 orcs (D)
  An endoplasm (D)
  A quokka (D)
  A ball python (D)
  2 rats (D)
130 creatures vanquished.

Vanquished Creatures (others)
  An orc warrior (D)
1 creature vanquished.

Grand Total: 131 creatures vanquished

Notes
Turn   | Place    | Note
-------+----------+-------------------------------------------
     0 | D        | mhtbhm the Spriggan Enchanter began the quest for the Orb.
     0 | D        | Reached XP level 1. HP: 9/9 MP: 5/5
     7 | D        | Reached skill level 5 in Stealth
    17 | D        | Noticed a bouda
    17 | D        | Noticed a scorpion
    17 | D        | Noticed a necrophage
    19 | D        | Killed a necrophage
    20 | D        | Reached skill level 8 in Stealth
    20 | D        | Reached XP level 2. HP: 13/13 MP: 6/8
    20 | D        | Reached XP level 3. HP: 16/16 MP: 6/9
    25 | D        | Learned a level 2 spell: Ensorcelled Hibernation
    29 | D        | Learned a level 3 spell: Confusing Touch
    33 | D        | Learned a level 3 spell: Tukima's Dance
    36 | D        | Killed a scorpion
    37 | D        | Reached skill level 10 in Stealth
    37 | D        | Reached XP level 4. HP: 17/21 MP: 7/11
   140 | D        | Reached skill level 5 in Spellcasting
   153 | D        | Reached skill level 5 in Dodging
   153 | D        | Reached skill level 11 in Stealth
   153 | D        | Reached XP level 5. HP: 24/24 MP: 10/13
   159 | D        | Learned a level 3 spell: Dazzling Flash
   200 | D        | Found a snail-covered altar of Cheibriados.
   200 | D        | Found a shadowy altar of Dithmenos.
   200 | D        | Found a white marble altar of Elyvilon.
   200 | D        | Found a blossoming altar of Fedhas.
   200 | D        | Found an opulent altar of Gozag.
   201 | D        | Found a hazy altar of Hepliaklqana.
   202 | D        | Found a viscous altar of Jiyva.
   203 | D        | Found an ancient bone altar of Kikubaaqudgha.
   204 | D        | Found a corrupted altar of Lugonu.
   205 | D        | Found a burning altar of Makhleb.
   206 | D        | Found a sparkling altar of Nemelex Xobeh.
   207 | D        | Found an iron altar of Okawaru.
   208 | D        | Became a worshipper of Gozag Ym Sagoz the Greedy
   209 | D        | Found a stormy altar of Qazlal.
   210 | D        | Found a sacrificial altar of Ru.
   211 | D        | Found a shimmering blue altar of Sif Muna.
   212 | D        | Found a bloodstained altar of Trog.
   213 | D        | Found a hide-covered altar of Uskayaw.
   214 | D        | Found a radiant altar of Vehumet.
   215 | D        | Found an ornate altar of the Wu Jian Council.
   216 | D        | Found a shimmering altar of Xom.
   217 | D        | Found a basalt altar of Yredelemnul.
   218 | D        | Found a glowing silver altar of Zin.
   219 | D        | Found a glowing golden altar of the Shining One.
   250 | D        | Noticed a shadow
   250 | D        | Noticed a steam dragon
   250 | D        | Noticed a wyvern
   250 | D        | Noticed a yak
   250 | D        | Noticed a wraith
   255 | D        | Killed a wyvern
   256 | D        | Reached skill level 12 in Stealth
   256 | D        | Reached skill level 1 in Evocations
   256 | D        | Reached XP level 6. HP: 11/29 MP: 13/16
   256 | D        | Killed a wraith
   256 | D        | Killed a steam dragon
   257 | D        | Reached skill level 1 in Fighting
   257 | D        | Reached skill level 14 in Stealth
   257 | D        | Reached skill level 10 in Hexes
   257 | D        | Reached XP level 7. HP: 12/33 MP: 14/19
   273 | D        | Killed a yak
   274 | D        | Reached skill level 15 in Stealth
   572 | D        | Killed a shadow
   730 | D        | Noticed a cyclops
   730 | D        | Noticed a centaur warrior
   730 | D        | Noticed a vampire mosquito
   730 | D        | Noticed a boulder beetle
   730 | D        | Noticed a manticore
   730 | D        | Noticed a cyclops
   734 | D        | Killed a cyclops
   735 | D        | Reached skill level 16 in Stealth
   735 | D        | Reached XP level 8. HP: 39/39 MP: 17/22
   737 | D        | Killed a manticore
   738 | D        | Reached skill level 10 in Spellcasting
   738 | D        | Reached skill level 5 in Ice Magic
   757 | D        | Killed a boulder beetle
   758 | D        | Reached skill level 17 in Stealth
   758 | D        | Reached XP level 9. HP: 30/43 MP: 8/24
  1020 | D        | Reached skill level 5 in Short Blades
  1025 | D        | Killed a centaur warrior
  1026 | D        | Reached skill level 18 in Stealth
  1026 | D        | Reached skill level 5 in Evocations
  1031 | D        | Killed a cyclops
  1211 | D        | Noticed a cane toad
  1212 | D        | Noticed a black mamba
  1223 | D        | Killed a cane toad
  1226 | D        | Killed a black mamba
  1227 | D        | Reached skill level 19 in Stealth
  1227 | D        | Reached XP level 10. HP: 25/49 MP: 17/27
  1485 | D        | Noticed a black mamba
  1485 | D        | Noticed a cane toad
  1485 | D        | Noticed a death yak
  1485 | D        | Noticed a cane toad
  1488 | D        | Noticed a cane toad
  1490 | D        | Killed a cane toad
  1493 | D        | Reached skill level 20 in Stealth
  1532 | D        | Killed a cane toad
  1539 | D        | Killed a death yak
  1556 | D        | Killed a black mamba
  1689 | D        | Killed a cane toad
  1690 | D        | Reached skill level 10 in Dodging
  1690 | D        | Reached skill level 1 in Conjurations
  1698 | D        | Noticed a black mamba
  1706 | D        | Killed a black mamba
  1707 | D        | Reached skill level 21 in Stealth
  1707 | D        | Reached skill level 15 in Hexes
  1728 | D        | Noticed a lindwurm
  1737 | D        | Killed a lindwurm
  1738 | D        | Reached XP level 11. HP: 53/53 MP: 26/30
  1982 | D        | Noticed Eustachio
  1987 | D        | Noticed Joseph
  1989 | D        | Killed Eustachio
  1995 | D        | Killed Joseph
  2048 | D        | Noticed an orc knight
  2107 | D        | Killed an orc knight
  2108 | D        | Reached skill level 22 in Stealth
  2437 | D        | Noticed an orc high priest
  2447 | D        | Killed an orc high priest
  2641 | D        | Found Dapsuw's General Store.
  2641 | D        | Noticed an orc knight
  2641 | D        | Noticed an orc knight
  2658 | D        | Killed an orc knight
  2659 | D        | Reached skill level 23 in Stealth
  2659 | D        | Reached skill level 15 in Spellcasting
  2687 | D        | Killed an orc knight
  2859 | D        | Found Jirch's General Store.
  2861 | D        | Found Zobriuwk's Magic Scroll Boutique.
  2864 | D        | Found Tal Xuto's Jewellery Shop.
  2868 | D        | Noticed an orc knight
  2883 | D        | Killed an orc knight
  2937 | D        | Bought a scroll of acquirement for 624 gold pieces
  2937 | D        | Bought a scroll of blinking for 90 gold pieces
  2939 | D        | Bought a scroll of enchant weapon for 82 gold pieces
  2939 | D        | Bought a scroll of fear for 38 gold pieces
  2941 | D        | Bought the ring of the Mage {Wiz Archmagi} for 714 gold
                  | pieces
  2941 | D        | Found the ring of the Mage {Wiz Archmagi}
  2941 | D        | Bought the macabre finger necklace {rN+} for 560 gold
                  | pieces
  2941 | D        | Found the macabre finger necklace {rN+}
  2941 | D        | Bought the ring "Edeutsuy" {rPois Str+6} for 554 gold
                  | pieces
  3081 | D        | Found the +9 heavy crossbow "Sniper" {vorpal, Acc+∞ SInv}
  3129 | D        | Acquired the +0 hat "Igicyh" {Contam +Blink rN+ rCorr}
  3138 | D        | Noticed an ogre mage
  3138 | D        | Noticed a four-headed hydra
  3138 | D        | Noticed a centaur warrior
  3139 | D        | Noticed a centaur warrior
  3140 | D        | Killed a centaur warrior
  3141 | D        | Noticed a deep elf pyromancer
  3142 | D        | Killed a four-headed hydra
  3143 | D        | Reached skill level 24 in Stealth
  3160 | D        | Killed an ogre mage
  3167 | D        | Noticed a deep troll shaman
  3168 | D        | Killed a centaur warrior
  3169 | D        | Reached skill level 10 in Short Blades
  3169 | D        | Reached skill level 25 in Stealth
  3169 | D        | Reached XP level 12. HP: 44/58 MP: 22/33
  3236 | D        | Bought a masterwork buckler for 209 gold pieces
  3236 | D        | Identified the +1 buckler "Kotzud" {rC++ Str+3 Int-2} (You
                  | bought it in a shop in the Dungeon)
  3236 | D        | Bought a twisted ring mail for 198 gold pieces
  3236 | D        | Identified the +4 ring mail of Responsibility {rF+} (You
                  | bought it in a shop in the Dungeon)
  3236 | D        | Bought a scroll of magic mapping for 77 gold pieces
  3333 | D        | Killed a deep troll shaman
  3490 | D        | Noticed an ice dragon
  3499 | D        | Killed an ice dragon
  3526 | D        | Noticed a stone giant
  3527 | D        | Noticed a red very ugly thing
  3740 | D        | Noticed an ettin
  3743 | D        | Killed a stone giant
  3746 | D        | Killed a red very ugly thing
  3755 | D        | Killed an ettin
  3756 | D        | Reached skill level 5 in Fighting
  3756 | D        | Reached skill level 26 in Stealth
  3979 | D        | Noticed a fire dragon
  3994 | D        | Killed a fire dragon
  4065 | D        | Noticed Rupert
  4089 | D        | Killed Rupert
  4199 | D        | Noticed an alligator snapping turtle
  4199 | D        | Noticed a merfolk javelineer
  4377 | D        | Killed a merfolk javelineer
  4378 | D        | Reached skill level 10 in Ice Magic
  4392 | D        | Killed an alligator snapping turtle
  4403 | D        | Reached skill level 27 in Stealth
  4431 | D        | Reached XP level 13. HP: 60/64 MP: 33/36
  4747 | D        | Bought a runed robe for 103 gold pieces
  5076 | D        | Noticed a bunyip
  5080 | D        | Demolished by a bunyip

Illustrated notes

Levels and vault maps discovered:
D:        linesprint [early_d, line_temple, items_1, d_10, items_2, lair_1,
          lair_end, items_3, orc_1, orc_end, items_4, d_15, swamp_1, shoals_1,
          snake_1, spider_1, d_20, vaults_1, items_5, swamp_end, shoals_end,
          snake_end, spider_end, vaults_end, d_27, items_6, zot_1, zot_end,
          crypt_end, forest_end, elf_end, slime_end, tomb_end, abyss_end,
          pan_hell_end]

Skill      XL: |  1  2  3  4  5  6  7  8  9 10 11 12 13 |
---------------+----------------------------------------+-----
Hexes          | 6 7 8 9 10 11 12 14 15 16 18 19 | 19.2
Stealth        | 8 10 11 12 14 16 17 19 21 25 27 | 27.0
Spellcasting   | 4 5 6 7 9 10 12 14 16 18 19 | 19.3
Dodging        | 4 5 6 7 8 9 10 11 12 | 12.1
Short Blades   | 2 3 4 6 7 10 11 12 | 12.4
Ice Magic      | 2 3 4 5 6 7 9 10 11 | 11.1
Evocations     | 1 2 3 4 5 6 7 8 |  8.2
Fighting       | 1 2 3 4 5 6 |  6.1
Conjurations   | 1 2 |  2.6

Action                   |  1- 3 |  4- 6 |  7- 9 | 10-12 | 13-15 || total
-------------------------+-------+-------+-------+-------+-------++-------
Melee: Dagger            |     9 |     5 |       |       |       ||    14
       Rapier            |       |     1 |    36 |   176 |    29 ||   242
       Punch             |       |       |       |     2 |       ||     2
 Cast: Ensorcelled Hiber |       |    11 |    20 |   108 |     6 ||   145
       Confusing Touch   |       |       |     2 |     4 |       ||     6
       Dazzling Flash    |       |       |     1 |    13 |     5 ||    19
       Tukima's Dance    |       |       |       |     3 |       ||     3
Invok: Call Merchant     |       |       |       |     2 |     1 ||     3
Evoke: Wand              |       |     4 |     1 |     4 |       ||     9
       Lightning rod     |       |       |       |    11 |     4 ||    15
  Use: Potion            |       |     1 |       |     7 |     1 ||     9
       Scroll            |       |       |       |     2 |       ||     2
 Stab: Sleeping          |     5 |     3 |    10 |    62 |    13 ||    93
       Confused          |       |       |     1 |     5 |       ||     6
       Distracted        |       |       |     1 |     2 |       ||     3
       Invisible         |       |       |       |    12 |     3 ||    15
Armor: Robe              |       |     2 |       |     4 |       ||     6
Dodge: Dodged            |     2 |    14 |    34 |   111 |    13 ||   174

Table legend: (Time is in decaauts)
 A = Elapsed time spent in this place.
 B = Non-inter-level travel time spent in this place.
 C = Inter-level travel time spent in this place.
 D = Time resting spent in this place.
 E = Time spent auto-exploring this place.
 F = Levels seen in this place.
 G = Mean time per level.
                   A        B        C        D        E       F      G
               +--------+--------+--------+--------+--------+-----+--------+
         Total |   4400 |   4400 |      0 |   1975 |   1154 |   1 | 4400.0 |
       Dungeon |   4400 |   4400 |      0 |   1975 |   1154 |   1 | 4400.0 |
               +--------+--------+--------+--------+--------+-----+--------+

Top non-repeatable levels by time:
       D: 4400 daAuts
